[ AOE2 MATCH · #477734878 ]
UnrankedPersians vs Koreans
[ REPLAY ANALYSIS · EXTRACTED FROM THE RECORDED GAME ]
Feudal
13:21
Castle
28:16
Imperial
—
| APM avg | 23.1 |
| APM peak | 46 |
| eAPM avg | 13.1 |
| Villagers / military | 75 / 6 |
Focus
⚔️ 22.6% · 🌾 77.4%
Mangonel ×4 · Knight ×2
Feudal
14:19
Castle
17:58
Imperial
—
| APM avg | 32.1 |
| APM peak | 61 |
| eAPM avg | 14.4 |
| Villagers / military | 58 / 27 |
Focus
⚔️ 24.0% · 🌾 76.0%
War Wagon ×20 · Iron Pagoda ×6 · Monk ×1
Feudal
13:33
Castle
17:03
Imperial
34:53
| APM avg | 42.7 |
| APM peak | 75 |
| eAPM avg | 19.1 |
| Villagers / military | 81 / 6 |
Focus
⚔️ 9.0% · 🌾 91.0%
Unknown (2579) ×10 · Mangonel ×5 · Battering Ram ×1
Feudal
14:09
Castle
18:15
Imperial
33:30
| APM avg | 44.3 |
| APM peak | 70 |
| eAPM avg | 23.0 |
| Villagers / military | 183 / 59 |
Focus
⚔️ 35.1% · 🌾 64.9%
Coustillier ×55 · Fishing Ship ×6 · Trebuchet (Packed) ×3 · Monk ×1
Feudal
12:36
Castle
17:10
Imperial
—
| APM avg | 39.7 |
| APM peak | 102 |
| eAPM avg | 19.7 |
| Villagers / military | 115 / 39 |
Focus
⚔️ 22.0% · 🌾 78.0%
Mangudai ×25 · Battering Ram ×10 · Mangonel ×4
Feudal
13:22
Castle
17:57
Imperial
—
| APM avg | 19.1 |
| APM peak | 33 |
| eAPM avg | 12.0 |
| Villagers / military | 56 / 33 |
Focus
⚔️ 34.7% · 🌾 65.3%
Monk ×25 · Militia ×5 · Battering Ram ×3
Feudal
17:40
Castle
—
Imperial
—
| APM avg | 29.7 |
| APM peak | 79 |
| eAPM avg | 17.9 |
| Villagers / military | 58 / 6 |
Focus
⚔️ 18.4% · 🌾 81.6%
Archer ×5 · Militia ×1
Feudal
12:59
Castle
25:27
Imperial
—
| APM avg | 42.5 |
| APM peak | 82 |
| eAPM avg | 15.8 |
| Villagers / military | 61 / 71 |
Focus
⚔️ 31.6% · 🌾 68.4%
Spearman ×42 · Skirmisher ×22 · Battering Ram ×4 · Mangonel ×3
Match map
Initial resources + every placement click. Lines = walls · curves = elevation contours. ◆ gold · ⬟ stone · ● berries · ✦ relic · ◌ wall gap
Your base· Open — unwalled flank
姆狗's base· Open — unwalled flank
Dark Horse's base· Open — unwalled flank
OMEGAJ512's base· Open — unwalled flank
Matzeking's base· Open — unwalled flank
sdk's base· Open — 10t gap
Spartacus's base· Open — unwalled flank
漸夜zZ's base· Open — unwalled flank
Smoothed initial terrain · ◌ = detected wall gap · hover for details
Inputs per minute
— 墨離 - - 姆狗
Build order — 墨離
First 150 of 155 actions detected
| 1:10 | Build | Town Center |
| 3:00 | Build | House |
| 3:15 | Create | Villager (Male) |
| 3:16 | Create | Villager (Male) |
| 3:16 | Create | Villager (Male) |
| 3:16 | Create | Villager (Male) |
| 3:16 | Create | Villager (Male) |
| 3:36 | Build | House |
| 4:23 | Create | Villager (Male) |
| 4:23 | Create | Villager (Male) |
| 4:45 | Create | Villager (Male) |
| 4:45 | Create | Villager (Male) |
| 4:55 | Build | Lumber Camp |
| 5:11 | Create | Villager (Male) |
| 5:12 | Create | Villager (Male) |
| 5:42 | Create | Villager (Male) |
| 6:32 | Build | House |
| 6:46 | Create | Villager (Male) |
| 6:48 | Research | Loom |
| 6:52 | Research | Loom |
| 6:52 | Create | Villager (Male) |
| 6:58 | Build | House |
| 7:01 | Build | House |
| 7:29 | Create | Villager (Male) |
| 7:45 | Create | Villager (Male) |
| 7:53 | Create | Villager (Male) |
| 8:10 | Build | House |
| 8:45 | Create | Villager (Male) |
| 8:46 | Create | Villager (Male) |
| 9:18 | Build | Mill |
| 9:32 | Create | Villager (Male) |
| 10:09 | Create | Villager (Male) |
| 10:18 | Create | Villager (Male) |
| 10:54 | Create | Villager (Male) |
| 11:14 | Create | Villager (Male) |
| 11:17 | Research | Feudal Age |
| 11:42 | Build | Lumber Camp |
| 12:06 | Build | House |
| 13:21 | Age | Feudal Age |
| 13:24 | Build | House |
| 13:25 | Create | Villager (Male) |
| 13:28 | Build | House |
| 13:44 | Research | Town Watch |
| 14:42 | Create | Villager (Male) |
| 14:42 | Create | Villager (Male) |
| 14:45 | Build | House |
| 14:49 | Build | Mill |
| 15:27 | Create | Villager (Male) |
| 15:35 | Build | Barracks |
| 15:38 | Create | Villager (Male) |
| 15:43 | Build | House |
| 15:49 | Create | Villager (Male) |
| 15:55 | Create | Villager (Male) |
| 16:07 | Research | Double-Bit Axe |
| 16:36 | Create | Villager (Male) |
| 16:50 | Create | Villager (Male) |
| 17:04 | Build | Watch Tower |
| 17:12 | Build | Palisade Wall |
| 17:14 | Build | Palisade Wall |
| 17:15 | Build | Palisade Wall |
| 17:24 | Build | Palisade Wall |
| 17:28 | Create | Villager (Male) |
| 17:44 | Create | Villager (Male) |
| 18:02 | Create | Villager (Male) |
| 18:16 | Build | Market |
| 18:22 | Build | Blacksmith |
| 18:34 | Create | Villager (Male) |
| 18:43 | Create | Villager (Male) |
| 19:26 | Create | Villager (Male) |
| 19:27 | Create | Villager (Male) |
| 19:46 | Research | Fletching |
| 19:56 | Create | Villager (Male) |
| 20:12 | Build | Farm |
| 20:13 | Build | Farm |
| 20:14 | Build | Farm |
| 20:16 | Build | Farm |
| 20:29 | Create | Villager (Male) |
| 20:41 | Research | Horse Collar |
| 20:48 | Create | Villager (Male) |
| 21:16 | Create | Villager (Male) |
| 21:38 | Build | Mining Camp |
| 21:39 | Create | Villager (Male) |
| 21:55 | Build | Farm |
| 21:56 | Build | Farm |
| 22:08 | Create | Villager (Male) |
| 22:27 | Create | Villager (Male) |
| 22:43 | Create | Villager (Male) |
| 22:56 | Create | Villager (Male) |
| 23:20 | Build | Farm |
| 23:21 | Build | Farm |
| 23:44 | Create | Villager (Male) |
| 23:56 | Research | Wheelbarrow |
| 24:11 | Build | Watch Tower |
| 24:23 | Create | Villager (Male) |
| 24:28 | Build | House |
| 24:29 | Build | House |
| 24:42 | Build | Farm |
| 25:50 | Research | Castle Age |
| 27:00 | Build | Palisade Gate |
| 27:04 | Build | Palisade Wall |
| 27:06 | Build | Palisade Wall |
| 27:06 | Build | Palisade Wall |
| 27:09 | Build | Palisade Wall |
| 27:29 | Build | Mining Camp |
| 27:42 | Build | Stable |
| 27:48 | Build | Stone Wall |
| 27:55 | Build | Palisade Wall |
| 28:10 | Create | Villager (Male) |
| 28:16 | Age | Castle Age |
| 28:18 | Build | Siege Workshop |
| 28:20 | Create | Villager (Male) |
| 28:30 | Create | Knight |
| 28:36 | Build | House |
| 28:41 | Build | Palisade Wall |
| 28:50 | Create | Villager (Male) |
| 28:54 | Create | Mangonel |
| 29:08 | Create | Mangonel |
| 29:09 | Create | Villager (Male) |
| 29:28 | Create | Villager (Male) |
| 30:06 | Create | Knight |
| 30:46 | Create | Mangonel |
| 30:48 | Create | Villager (Male) |
| 30:58 | Create | Villager (Male) |
| 31:14 | Create | Mangonel |
| 31:26 | Build | House |
| 31:49 | Create | Villager (Male) |
| 31:49 | Create | Villager (Male) |
| 32:15 | Create | Villager (Male) |
| 32:22 | Build | Mining Camp |
| 32:36 | Create | Villager (Male) |
| 33:12 | Build | Town Center |
| 33:31 | Create | Villager (Male) |
| 33:35 | Build | Farm |
| 33:35 | Build | Farm |
| 33:36 | Build | Farm |
| 33:36 | Build | Farm |
| 33:36 | Build | Farm |
| 33:37 | Build | Farm |
| 33:58 | Create | Villager (Male) |
| 33:58 | Create | Villager (Male) |
| 34:11 | Research | Bow Saw |
| 34:29 | Create | Villager (Male) |
| 34:29 | Create | Villager (Male) |
| 34:30 | Create | Villager (Male) |
| 34:30 | Create | Villager (Male) |
| 35:19 | Create | Villager (Male) |
| 35:19 | Create | Villager (Male) |
| 35:19 | Create | Villager (Male) |
| 35:31 | Create | Villager (Male) |
| 35:34 | Build | Farm |
Build order — 姆狗
First 150 of 152 actions detected
| 0:27 | Build | Town Center |
| 1:29 | Build | House |
| 2:58 | Create | Villager (Male) |
| 2:59 | Create | Villager (Male) |
| 2:59 | Create | Villager (Male) |
| 2:59 | Create | Villager (Male) |
| 4:18 | Build | House |
| 4:33 | Create | Villager (Male) |
| 4:59 | Create | Villager (Male) |
| 5:07 | Build | House |
| 5:25 | Create | Villager (Male) |
| 5:47 | Create | Villager (Male) |
| 5:48 | Create | Villager (Male) |
| 6:11 | Create | Villager (Male) |
| 6:11 | Create | Villager (Male) |
| 6:11 | Create | Villager (Male) |
| 7:05 | Research | Loom |
| 7:09 | Build | House |
| 7:21 | Create | Villager (Male) |
| 7:22 | Create | Villager (Male) |
| 7:22 | Create | Villager (Male) |
| 7:24 | Create | Villager (Male) |
| 7:49 | Create | Villager (Male) |
| 8:12 | Build | Mill |
| 8:56 | Create | Villager (Male) |
| 8:58 | Create | Villager (Male) |
| 9:36 | Create | Villager (Male) |
| 9:56 | Build | House |
| 10:20 | Create | Villager (Male) |
| 10:20 | Create | Villager (Male) |
| 10:47 | Build | Mining Camp |
| 10:56 | Create | Villager (Male) |
| 10:56 | Create | Villager (Male) |
| 10:57 | Create | Villager (Male) |
| 12:05 | Research | Feudal Age |
| 12:05 | Research | Feudal Age |
| 14:19 | Age | Feudal Age |
| 14:21 | Create | Villager (Male) |
| 14:21 | Create | Villager (Male) |
| 14:30 | Build | Market |
| 14:37 | Build | Blacksmith |
| 15:18 | Research | Castle Age |
| 15:18 | Research | Castle Age |
| 15:28 | Build | Lumber Camp |
| 16:05 | Research | Stone Mining |
| 16:32 | Build | Outpost |
| 17:11 | Build | House |
| 17:23 | Build | Outpost |
| 17:34 | Create | Villager (Male) |
| 17:34 | Create | Villager (Male) |
| 17:42 | Build | Mill |
| 17:58 | Age | Castle Age |
| 18:08 | Build | Castle |
| 18:28 | Build | Palisade Wall |
| 18:43 | Create | Villager (Male) |
| 18:48 | Create | Villager (Male) |
| 18:59 | Build | Siege Workshop |
| 19:05 | Create | Villager (Male) |
| 19:33 | Build | Watch Tower |
| 19:40 | Create | Villager (Male) |
| 19:49 | Create | Iron Pagoda |
| 20:08 | Create | Villager (Male) |
| 20:22 | Build | Watch Tower |
| 20:42 | Build | Gate |
| 20:52 | Create | Villager (Male) |
| 21:07 | Build | Mining Camp |
| 21:17 | Build | Mining Camp |
| 21:27 | Build | House |
| 21:37 | Create | Villager (Male) |
| 22:00 | Build | Farm |
| 22:01 | Build | Farm |
| 22:12 | Create | Villager (Male) |
| 22:38 | Build | Watch Tower |
| 23:30 | Build | Watch Tower |
| 23:39 | Create | Villager (Male) |
| 23:41 | Create | Villager (Male) |
| 23:42 | Create | Villager (Male) |
| 23:49 | Create | War Wagon |
| 24:03 | Research | Fletching |
| 24:05 | Create | Villager (Male) |
| 24:11 | Build | Farm |
| 24:12 | Build | Farm |
| 24:13 | Build | Farm |
| 24:17 | Create | War Wagon |
| 24:37 | Build | Watch Tower |
| 24:51 | Create | War Wagon |
| 25:17 | Build | Watch Tower |
| 25:53 | Create | War Wagon |
| 26:14 | Create | War Wagon |
| 26:14 | Create | War Wagon |
| 27:13 | Create | Villager (Male) |
| 27:15 | Create | Villager (Male) |
| 27:19 | Create | Villager (Male) |
| 27:48 | Build | Monastery |
| 28:00 | Create | Villager (Male) |
| 28:02 | Create | Villager (Male) |
| 28:06 | Research | Gold Mining |
| 28:07 | Research | Horse Collar |
| 28:10 | Create | Villager (Male) |
| 28:16 | Build | House |
| 28:16 | Build | House |
| 28:16 | Build | House |
| 28:23 | Create | Monk |
| 28:41 | Create | Villager (Male) |
| 28:44 | Create | Iron Pagoda |
| 28:44 | Create | Iron Pagoda |
| 28:58 | Build | Castle |
| 29:49 | Create | War Wagon |
| 29:49 | Create | War Wagon |
| 29:50 | Create | War Wagon |
| 29:52 | Create | Villager (Male) |
| 29:53 | Create | Villager (Male) |
| 29:57 | Build | House |
| 29:57 | Build | House |
| 29:58 | Build | House |
| 30:14 | Build | Lumber Camp |
| 30:34 | Create | Iron Pagoda |
| 30:45 | Create | Villager (Male) |
| 30:45 | Create | Villager (Male) |
| 30:55 | Build | Mining Camp |
| 31:01 | Create | Villager (Male) |
| 31:06 | Build | Outpost |
| 31:12 | Build | Mining Camp |
| 31:24 | Create | War Wagon |
| 31:47 | Create | War Wagon |
| 31:49 | Create | War Wagon |
| 32:37 | Create | Iron Pagoda |
| 32:39 | Create | Iron Pagoda |
| 32:48 | Create | Villager (Male) |
| 32:49 | Create | Villager (Male) |
| 32:51 | Create | Villager (Male) |
| 33:04 | Create | War Wagon |
| 33:04 | Create | War Wagon |
| 33:15 | Build | House |
| 33:15 | Build | House |
| 33:16 | Build | House |
| 33:16 | Build | House |
| 33:32 | Build | Barracks |
| 33:46 | Create | Villager (Male) |
| 33:47 | Create | Villager (Male) |
| 34:12 | Create | War Wagon |
| 34:12 | Create | War Wagon |
| 34:41 | Build | Stone Wall |
| 35:22 | Build | Stone Wall |
| 35:46 | Build | Stable |
| 35:58 | Build | Castle |
| 36:08 | Create | War Wagon |
| 36:09 | Create | War Wagon |
| 36:09 | Create | War Wagon |
| 36:09 | Create | War Wagon |
Build order — Dark Horse
First 150 of 171 actions detected
| 0:08 | Build | Town Center |
| 1:42 | Build | Settlement |
| 2:13 | Create | Villager (Male) |
| 2:13 | Create | Villager (Male) |
| 2:14 | Create | Villager (Male) |
| 2:14 | Create | Villager (Male) |
| 2:14 | Create | Villager (Male) |
| 3:08 | Create | Villager (Male) |
| 3:09 | Create | Villager (Male) |
| 3:47 | Create | Villager (Male) |
| 3:47 | Create | Villager (Male) |
| 4:10 | Research | Loom |
| 4:20 | Build | Settlement |
| 4:37 | Create | Villager (Male) |
| 4:37 | Create | Villager (Male) |
| 4:56 | Create | Villager (Male) |
| 4:57 | Create | Villager (Male) |
| 5:19 | Create | Villager (Male) |
| 5:26 | Build | House |
| 5:50 | Create | Villager (Male) |
| 5:50 | Create | Villager (Male) |
| 6:05 | Build | House |
| 6:10 | Create | Villager (Male) |
| 6:11 | Create | Villager (Male) |
| 6:11 | Create | Villager (Male) |
| 6:26 | Create | Villager (Male) |
| 6:26 | Create | Villager (Male) |
| 6:38 | Build | Settlement |
| 7:11 | Create | Villager (Male) |
| 7:12 | Create | Villager (Male) |
| 7:12 | Create | Villager (Male) |
| 7:12 | Create | Villager (Male) |
| 7:49 | Build | House |
| 7:54 | Research | Loom |
| 8:04 | Create | Villager (Male) |
| 8:04 | Create | Villager (Male) |
| 8:40 | Create | Villager (Male) |
| 8:41 | Create | Villager (Male) |
| 8:41 | Create | Villager (Male) |
| 8:41 | Create | Villager (Male) |
| 8:41 | Create | Villager (Male) |
| 9:20 | Build | House |
| 9:33 | Create | Villager (Male) |
| 10:25 | Build | Settlement |
| 10:39 | Create | Villager (Male) |
| 10:39 | Create | Villager (Male) |
| 11:20 | Research | Feudal Age |
| 12:00 | Create | Villager (Male) |
| 12:00 | Create | Villager (Male) |
| 13:33 | Age | Feudal Age |
| 13:36 | Build | Market |
| 13:38 | Build | Blacksmith |
| 13:46 | Research | Double-Bit Axe |
| 14:23 | Research | Castle Age |
| 14:23 | Research | Castle Age |
| 14:41 | Research | Fletching |
| 15:12 | Build | House |
| 15:30 | Research | Gold Mining |
| 15:31 | Research | Gold Mining |
| 16:01 | Create | Villager (Male) |
| 16:09 | Build | Settlement |
| 17:03 | Age | Castle Age |
| 17:05 | Build | Castle |
| 17:14 | Create | Villager (Male) |
| 17:32 | Research | Bodkin Arrow |
| 17:47 | Create | Villager (Male) |
| 18:11 | Create | Unit 2579 |
| 18:22 | Create | Unit 2579 |
| 18:27 | Create | Villager (Male) |
| 18:31 | Create | Unit 2579 |
| 18:40 | Build | Siege Workshop |
| 18:46 | Create | Villager (Male) |
| 18:51 | Create | Unit 2579 |
| 19:04 | Create | Battering Ram |
| 19:13 | Build | Farm |
| 19:16 | Build | Farm |
| 19:19 | Build | Farm |
| 19:21 | Create | Villager (Male) |
| 19:26 | Create | Mangonel |
| 19:41 | Create | Villager (Male) |
| 19:43 | Research | Town Watch |
| 19:46 | Build | Farm |
| 20:34 | Create | Villager (Male) |
| 20:35 | Create | Villager (Male) |
| 20:46 | Create | Mangonel |
| 21:12 | Create | Villager (Male) |
| 21:13 | Create | Villager (Male) |
| 21:21 | Build | Town Center |
| 22:15 | Create | Villager (Male) |
| 22:31 | Create | Villager (Male) |
| 22:41 | Create | Mangonel |
| 22:45 | Build | Farm |
| 23:01 | Create | Villager (Male) |
| 23:01 | Create | Villager (Male) |
| 23:05 | Build | Farm |
| 23:13 | Build | House |
| 23:14 | Build | House |
| 23:40 | Create | Villager (Male) |
| 23:40 | Create | Villager (Male) |
| 24:06 | Create | Villager (Male) |
| 24:23 | Create | Villager (Male) |
| 24:35 | Build | Market |
| 24:49 | Create | Villager (Male) |
| 24:49 | Create | Villager (Male) |
| 25:22 | Create | Villager (Male) |
| 25:23 | Create | Villager (Male) |
| 25:27 | Build | House |
| 25:41 | Create | Villager (Male) |
| 25:41 | Create | Villager (Male) |
| 25:45 | Build | House |
| 25:47 | Build | House |
| 25:51 | Create | Mangonel |
| 25:52 | Create | Villager (Male) |
| 26:01 | Create | Villager (Male) |
| 26:13 | Create | Villager (Male) |
| 26:19 | Build | House |
| 26:20 | Build | House |
| 26:21 | Build | House |
| 26:21 | Build | House |
| 26:29 | Build | Farm |
| 26:59 | Create | Villager (Male) |
| 27:00 | Create | Villager (Male) |
| 27:00 | Create | Villager (Male) |
| 27:05 | Build | Farm |
| 27:07 | Build | Farm |
| 27:17 | Build | Castle |
| 27:36 | Create | Villager (Male) |
| 27:40 | Build | House |
| 27:50 | Create | Villager (Male) |
| 27:55 | Research | Bow Saw |
| 28:00 | Build | Farm |
| 28:03 | Build | Farm |
| 28:08 | Build | Farm |
| 28:10 | Create | Villager (Male) |
| 28:34 | Create | Villager (Male) |
| 28:49 | Create | Villager (Male) |
| 28:51 | Build | Farm |
| 28:52 | Build | Farm |
| 28:58 | Create | Villager (Male) |
| 29:06 | Build | Farm |
| 29:07 | Create | Villager (Male) |
| 29:16 | Build | Farm |
| 29:24 | Create | Unit 2579 |
| 29:24 | Create | Unit 2579 |
| 29:35 | Build | Farm |
| 29:49 | Create | Unit 2579 |
| 29:50 | Create | Villager (Male) |
| 29:51 | Create | Villager (Male) |
| 29:56 | Build | Farm |
| 30:13 | Build | Farm |
Build order — OMEGAJ512
First 150 of 400 actions detected
| 0:30 | Build | Lumber Camp |
| 0:44 | Build | Town Center |
| 0:49 | Build | Town Center |
| 1:00 | Build | House |
| 1:10 | Research | Double-Bit Axe |
| 2:46 | Create | Villager (Male) |
| 2:46 | Create | Villager (Male) |
| 2:47 | Create | Villager (Male) |
| 3:12 | Create | Villager (Male) |
| 3:12 | Create | Villager (Male) |
| 3:58 | Create | Villager (Male) |
| 4:27 | Create | Villager (Male) |
| 4:50 | Create | Villager (Male) |
| 4:50 | Create | Villager (Male) |
| 5:15 | Create | Villager (Male) |
| 5:15 | Create | Villager (Male) |
| 5:17 | Build | House |
| 5:26 | Build | Lumber Camp |
| 5:40 | Create | Villager (Male) |
| 6:09 | Create | Villager (Male) |
| 6:32 | Create | Villager (Male) |
| 6:52 | Create | Villager (Male) |
| 6:57 | Build | House |
| 7:07 | Build | House |
| 7:11 | Create | Villager (Male) |
| 7:47 | Build | Dock |
| 7:48 | Create | Villager (Male) |
| 8:01 | Build | Palisade Wall |
| 8:03 | Build | Palisade Wall |
| 8:10 | Create | Villager (Male) |
| 8:10 | Create | Villager (Male) |
| 8:30 | Create | Fishing Ship |
| 8:38 | Create | Villager (Male) |
| 8:55 | Build | House |
| 8:58 | Build | House |
| 8:59 | Create | Villager (Male) |
| 9:08 | Create | Villager (Male) |
| 9:14 | Create | Fishing Ship |
| 9:23 | Create | Villager (Male) |
| 9:38 | Build | House |
| 9:46 | Build | House |
| 9:49 | Create | Fishing Ship |
| 9:52 | Create | Villager (Male) |
| 9:54 | Create | Villager (Male) |
| 10:02 | Create | Villager (Male) |
| 10:15 | Create | Fishing Ship |
| 10:21 | Build | Palisade Wall |
| 10:21 | Build | Palisade Wall |
| 10:23 | Build | Palisade Wall |
| 10:23 | Build | Palisade Wall |
| 10:28 | Create | Villager (Male) |
| 10:41 | Create | Villager (Male) |
| 10:45 | Create | Villager (Male) |
| 10:55 | Build | Mill |
| 11:05 | Create | Villager (Male) |
| 11:12 | Create | Fishing Ship |
| 11:36 | Create | Fishing Ship |
| 11:56 | Build | Mining Camp |
| 11:59 | Research | Feudal Age |
| 12:53 | Build | House |
| 13:34 | Build | Palisade Wall |
| 13:40 | Build | Palisade Wall |
| 14:04 | Create | Villager (Male) |
| 14:05 | Research | Loom |
| 14:09 | Age | Feudal Age |
| 14:13 | Build | Blacksmith |
| 14:20 | Build | Market |
| 14:28 | Build | House |
| 14:30 | Build | Palisade Wall |
| 15:10 | Create | Villager (Male) |
| 15:30 | Research | Castle Age |
| 15:30 | Research | Castle Age |
| 15:35 | Research | Bow Saw |
| 17:46 | Build | Fish Trap |
| 18:01 | Create | Villager (Male) |
| 18:07 | Build | Fish Trap |
| 18:10 | Build | Fish Trap |
| 18:15 | Build | Fish Trap |
| 18:15 | Age | Castle Age |
| 18:21 | Build | Fish Trap |
| 18:28 | Build | Castle |
| 18:36 | Build | Castle |
| 18:37 | Create | Villager (Male) |
| 18:41 | Create | Villager (Male) |
| 18:43 | Create | Villager (Male) |
| 18:47 | Create | Villager (Male) |
| 18:50 | Create | Villager (Male) |
| 19:00 | Create | Villager (Male) |
| 19:08 | Create | Villager (Male) |
| 19:29 | Create | Villager (Male) |
| 19:35 | Build | Lumber Camp |
| 19:41 | Create | Coustillier |
| 19:43 | Create | Villager (Male) |
| 19:45 | Build | Town Center |
| 19:47 | Create | Coustillier |
| 19:52 | Create | Villager (Male) |
| 19:55 | Create | Villager (Male) |
| 19:58 | Create | Villager (Male) |
| 20:01 | Research | Horse Collar |
| 20:02 | Create | Coustillier |
| 20:03 | Create | Villager (Male) |
| 20:05 | Create | Villager (Male) |
| 20:08 | Build | Farm |
| 20:08 | Create | Villager (Male) |
| 20:18 | Create | Coustillier |
| 20:19 | Create | Villager (Male) |
| 20:21 | Create | Coustillier |
| 20:29 | Build | Farm |
| 20:34 | Build | Farm |
| 20:35 | Create | Villager (Male) |
| 20:39 | Create | Coustillier |
| 20:43 | Create | Coustillier |
| 20:49 | Create | Villager (Male) |
| 20:54 | Build | Farm |
| 20:59 | Build | Farm |
| 21:01 | Build | Farm |
| 21:07 | Build | Fish Trap |
| 21:07 | Create | Villager (Male) |
| 21:10 | Create | Villager (Male) |
| 21:14 | Create | Coustillier |
| 21:18 | Create | Villager (Male) |
| 21:28 | Create | Coustillier |
| 21:47 | Create | Coustillier |
| 21:58 | Create | Villager (Male) |
| 21:59 | Create | Villager (Male) |
| 22:01 | Create | Villager (Male) |
| 22:11 | Create | Villager (Male) |
| 22:13 | Create | Villager (Male) |
| 22:19 | Create | Villager (Male) |
| 22:23 | Create | Villager (Male) |
| 22:25 | Create | Villager (Male) |
| 22:31 | Build | Town Center |
| 22:33 | Create | Coustillier |
| 22:34 | Create | Villager (Male) |
| 22:39 | Build | Farm |
| 22:40 | Create | Villager (Male) |
| 22:41 | Build | Farm |
| 22:42 | Create | Villager (Male) |
| 22:44 | Create | Villager (Male) |
| 22:52 | Create | Villager (Male) |
| 22:57 | Create | Villager (Male) |
| 22:59 | Create | Villager (Male) |
| 23:02 | Build | Farm |
| 23:02 | Create | Villager (Male) |
| 23:09 | Build | Town Center |
| 23:15 | Create | Villager (Male) |
| 23:15 | Create | Villager (Male) |
| 23:16 | Create | Villager (Male) |
| 23:20 | Create | Villager (Male) |
| 23:23 | Create | Villager (Male) |
Build order — Matzeking
First 150 of 268 actions detected
| 0:34 | Build | Town Center |
| 2:15 | Build | House |
| 2:49 | Create | Villager (Male) |
| 2:50 | Create | Villager (Male) |
| 2:50 | Create | Villager (Male) |
| 2:50 | Create | Villager (Male) |
| 3:32 | Build | House |
| 3:54 | Build | House |
| 4:33 | Create | Villager (Male) |
| 4:33 | Create | Villager (Male) |
| 4:34 | Create | Villager (Male) |
| 4:55 | Build | House |
| 5:21 | Create | Villager (Male) |
| 5:39 | Create | Villager (Male) |
| 5:42 | Build | House |
| 6:00 | Build | Lumber Camp |
| 6:05 | Create | Villager (Male) |
| 6:08 | Build | House |
| 6:15 | Create | Villager (Male) |
| 6:23 | Build | House |
| 6:54 | Create | Villager (Male) |
| 7:23 | Create | Villager (Male) |
| 7:41 | Create | Villager (Male) |
| 8:10 | Create | Villager (Male) |
| 8:15 | Build | House |
| 8:43 | Create | Villager (Male) |
| 8:58 | Create | Villager (Male) |
| 9:27 | Build | Mill |
| 9:35 | Create | Villager (Male) |
| 9:41 | Build | House |
| 10:01 | Create | Villager (Male) |
| 10:23 | Research | Feudal Age |
| 10:23 | Research | Feudal Age |
| 10:27 | Create | Villager (Male) |
| 10:37 | Build | Mining Camp |
| 12:18 | Build | House |
| 12:32 | Build | House |
| 12:36 | Age | Feudal Age |
| 12:41 | Create | Villager (Male) |
| 12:49 | Build | Market |
| 12:56 | Research | Loom |
| 12:58 | Build | House |
| 13:03 | Create | Villager (Male) |
| 13:05 | Build | Blacksmith |
| 13:54 | Build | House |
| 14:30 | Research | Castle Age |
| 14:30 | Research | Castle Age |
| 14:41 | Build | House |
| 15:22 | Build | Palisade Wall |
| 15:36 | Research | Double-Bit Axe |
| 16:58 | Create | Villager (Male) |
| 17:10 | Age | Castle Age |
| 17:19 | Build | Castle |
| 17:21 | Create | Villager (Male) |
| 17:47 | Build | Siege Workshop |
| 18:02 | Create | Villager (Male) |
| 18:17 | Create | Villager (Male) |
| 18:24 | Create | Mangudai |
| 18:38 | Create | Battering Ram |
| 19:00 | Create | Villager (Male) |
| 19:12 | Create | Villager (Male) |
| 19:13 | Create | Battering Ram |
| 19:42 | Create | Villager (Male) |
| 19:49 | Create | Battering Ram |
| 19:49 | Create | Battering Ram |
| 20:05 | Build | House |
| 20:07 | Build | House |
| 20:12 | Create | Villager (Male) |
| 20:22 | Create | Villager (Male) |
| 20:44 | Create | Mangudai |
| 20:46 | Create | Villager (Male) |
| 21:04 | Create | Battering Ram |
| 21:11 | Create | Villager (Male) |
| 21:29 | Create | Mangudai |
| 21:35 | Create | Villager (Male) |
| 22:02 | Create | Villager (Male) |
| 22:09 | Build | Town Center |
| 22:23 | Create | Villager (Male) |
| 22:24 | Create | Mangudai |
| 22:26 | Create | Villager (Male) |
| 22:41 | Create | Villager (Male) |
| 22:49 | Create | Villager (Male) |
| 23:04 | Create | Villager (Male) |
| 23:14 | Create | Villager (Male) |
| 23:39 | Create | Villager (Male) |
| 23:40 | Create | Mangonel |
| 23:45 | Create | Villager (Male) |
| 24:07 | Build | Mill |
| 24:14 | Create | Villager (Male) |
| 24:17 | Create | Mangudai |
| 24:27 | Build | Farm |
| 24:28 | Build | Farm |
| 24:28 | Build | Farm |
| 24:28 | Build | Farm |
| 24:28 | Build | Farm |
| 24:29 | Build | Farm |
| 24:29 | Build | Farm |
| 24:29 | Build | Farm |
| 24:46 | Build | Farm |
| 24:57 | Create | Villager (Male) |
| 24:57 | Create | Villager (Male) |
| 25:02 | Research | Fletching |
| 25:26 | Create | Villager (Male) |
| 25:26 | Create | Villager (Male) |
| 25:37 | Create | Villager (Male) |
| 25:41 | Build | Farm |
| 25:42 | Build | Farm |
| 25:42 | Build | Farm |
| 25:42 | Build | Farm |
| 25:43 | Build | Farm |
| 25:46 | Build | Farm |
| 25:46 | Build | Farm |
| 25:47 | Build | Farm |
| 25:47 | Build | Farm |
| 25:52 | Build | Farm |
| 25:54 | Create | Villager (Male) |
| 25:55 | Create | Villager (Male) |
| 26:02 | Create | Villager (Male) |
| 26:13 | Create | Mangonel |
| 26:14 | Create | Mangonel |
| 26:18 | Create | Villager (Male) |
| 26:19 | Create | Villager (Male) |
| 26:24 | Create | Villager (Male) |
| 26:24 | Create | Villager (Male) |
| 26:31 | Create | Mangudai |
| 26:31 | Create | Mangudai |
| 26:31 | Create | Mangudai |
| 26:45 | Create | Villager (Male) |
| 26:58 | Create | Villager (Male) |
| 26:58 | Create | Villager (Male) |
| 27:08 | Create | Villager (Male) |
| 27:08 | Create | Villager (Male) |
| 27:22 | Build | Farm |
| 27:22 | Build | Farm |
| 27:22 | Build | Farm |
| 27:25 | Create | Villager (Male) |
| 27:30 | Create | Mangudai |
| 27:30 | Create | Mangudai |
| 27:38 | Create | Villager (Male) |
| 27:44 | Build | House |
| 27:45 | Build | House |
| 27:46 | Build | House |
| 27:47 | Build | House |
| 27:48 | Create | Villager (Male) |
| 28:25 | Create | Villager (Male) |
| 28:33 | Create | Villager (Male) |
| 28:33 | Create | Villager (Male) |
| 28:35 | Create | Battering Ram |
| 28:35 | Create | Battering Ram |
| 28:48 | Create | Villager (Male) |
Build order — sdk
137 actions detected in the replay
| 0:24 | Build | Town Center |
| 0:27 | Build | House |
| 0:40 | Build | Mule Cart |
| 2:57 | Create | Villager (Male) |
| 2:57 | Create | Villager (Male) |
| 2:58 | Create | Villager (Male) |
| 2:58 | Create | Villager (Male) |
| 4:20 | Create | Villager (Male) |
| 4:21 | Create | Villager (Male) |
| 4:26 | Create | Villager (Male) |
| 4:27 | Create | Villager (Male) |
| 4:33 | Build | House |
| 5:00 | Create | Villager (Male) |
| 5:01 | Create | Villager (Male) |
| 5:14 | Build | House |
| 5:26 | Create | Villager (Male) |
| 5:46 | Create | Villager (Male) |
| 6:05 | Create | Villager (Male) |
| 6:05 | Create | Villager (Male) |
| 6:29 | Create | Villager (Male) |
| 7:11 | Create | Villager (Male) |
| 7:11 | Create | Villager (Male) |
| 7:47 | Create | Villager (Male) |
| 7:53 | Create | Villager (Male) |
| 7:54 | Create | Villager (Male) |
| 8:05 | Create | Villager (Male) |
| 8:11 | Create | Villager (Male) |
| 8:25 | Create | Villager (Male) |
| 8:29 | Build | Mule Cart |
| 8:32 | Create | Villager (Male) |
| 8:33 | Create | Villager (Male) |
| 8:37 | Build | House |
| 8:51 | Build | House |
| 9:10 | Create | Villager (Male) |
| 9:28 | Build | House |
| 9:46 | Create | Villager (Male) |
| 10:09 | Create | Villager (Male) |
| 10:21 | Build | Mill |
| 10:22 | Create | Villager (Male) |
| 10:42 | Research | Loom |
| 11:12 | Research | Feudal Age |
| 12:23 | Create | Villager (Male) |
| 12:39 | Build | Barracks |
| 13:11 | Create | Villager (Male) |
| 13:22 | Age | Feudal Age |
| 13:25 | Create | Villager (Male) |
| 13:43 | Build | Market |
| 13:44 | Create | Villager (Male) |
| 13:51 | Build | House |
| 14:21 | Create | Villager (Male) |
| 14:26 | Build | Blacksmith |
| 14:44 | Create | Villager (Male) |
| 14:56 | Build | House |
| 15:06 | Research | Man-at-Arms (upgrade) |
| 15:17 | Research | Castle Age |
| 15:18 | Research | Castle Age |
| 15:33 | Create | Militia |
| 15:33 | Create | Militia |
| 15:40 | Research | Man-at-Arms (upgrade) |
| 15:45 | Build | House |
| 15:54 | Create | Militia |
| 16:17 | Build | House |
| 16:18 | Create | Villager (Male) |
| 16:30 | Research | Long Swordsman (upgrade) |
| 16:45 | Create | Villager (Male) |
| 17:07 | Build | House |
| 17:22 | Create | Militia |
| 17:26 | Create | Villager (Male) |
| 17:26 | Create | Villager (Male) |
| 17:45 | Create | Villager (Male) |
| 17:49 | Research | Horse Collar |
| 17:57 | Age | Castle Age |
| 17:58 | Build | Barracks |
| 18:24 | Create | Villager (Male) |
| 18:35 | Build | Siege Workshop |
| 18:46 | Create | Militia |
| 18:53 | Create | Villager (Male) |
| 19:04 | Create | Battering Ram |
| 19:36 | Create | Villager (Male) |
| 19:51 | Create | Battering Ram |
| 20:17 | Create | Villager (Male) |
| 20:23 | Build | Town Center |
| 20:58 | Create | Villager (Male) |
| 21:27 | Create | Battering Ram |
| 21:38 | Build | Stone Wall |
| 21:39 | Build | Gate |
| 22:00 | Research | Gold Mining |
| 22:02 | Create | Villager (Male) |
| 22:20 | Build | Mule Cart |
| 22:24 | Build | House |
| 22:28 | Research | Town Watch |
| 22:56 | Create | Villager (Male) |
| 23:24 | Create | Villager (Male) |
| 23:46 | Create | Villager (Male) |
| 23:46 | Create | Villager (Male) |
| 24:07 | Research | Heavy Plow |
| 24:09 | Research | Heavy Plow |
| 24:44 | Build | Mule Cart |
| 26:06 | Create | Villager (Male) |
| 26:06 | Create | Villager (Male) |
| 26:24 | Research | Wheelbarrow |
| 27:35 | Build | Farm |
| 27:35 | Build | Farm |
| 27:35 | Build | Farm |
| 27:36 | Build | Farm |
| 28:19 | Build | Outpost |
| 28:35 | Build | Monastery |
| 28:49 | Build | Monastery |
| 28:50 | Create | Villager (Male) |
| 29:33 | Create | Monk |
| 29:39 | Create | Monk |
| 29:48 | Build | Monastery |
| 30:15 | Create | Monk |
| 30:15 | Create | Monk |
| 30:26 | Research | Sanctity |
| 30:32 | Create | Monk |
| 30:41 | Create | Monk |
| 30:42 | Create | Monk |
| 30:48 | Research | Redemption |
| 31:05 | Build | Outpost |
| 31:06 | Create | Villager (Male) |
| 31:44 | Create | Monk |
| 32:04 | Create | Monk |
| 32:17 | Create | Monk |
| 32:17 | Create | Monk |
| 32:30 | Create | Monk |
| 32:31 | Create | Monk |
| 32:40 | Build | Monastery |
| 32:49 | Build | Mule Cart |
| 33:26 | Create | Monk |
| 33:26 | Create | Monk |
| 33:51 | Build | Mule Cart |
| 35:20 | Create | Villager (Male) |
| 35:21 | Create | Villager (Male) |
| 35:44 | Build | Market |
| 36:59 | Create | Monk ×5 |
| 37:00 | Create | Monk ×5 |
Build order — Spartacus
107 actions detected in the replay
| 0:28 | Build | Town Center |
| 2:47 | Build | Mill |
| 3:00 | Create | Villager (Male) |
| 3:16 | Create | Villager (Male) |
| 3:24 | Create | Villager (Male) |
| 3:38 | Build | House |
| 3:40 | Create | Villager (Male) |
| 3:59 | Research | Loom |
| 4:03 | Create | Villager (Male) |
| 4:08 | Create | Villager (Male) |
| 4:42 | Create | Villager (Male) |
| 5:14 | Create | Villager (Male) |
| 5:21 | Build | House |
| 5:39 | Create | Villager (Male) |
| 6:06 | Create | Villager (Male) |
| 6:25 | Create | Villager (Male) |
| 7:04 | Create | Villager (Male) |
| 7:28 | Build | House |
| 8:14 | Create | Villager (Male) |
| 8:40 | Build | Outpost |
| 8:42 | Create | Villager (Male) |
| 8:50 | Create | Villager (Male) |
| 9:19 | Create | Villager (Male) |
| 9:35 | Create | Villager (Male) |
| 9:37 | Create | Villager (Male) |
| 9:45 | Build | House |
| 10:45 | Create | Villager (Male) |
| 10:45 | Create | Villager (Male) |
| 11:41 | Create | Villager (Male) |
| 11:41 | Create | Villager (Male) |
| 12:06 | Create | Villager (Male) |
| 12:07 | Create | Villager (Male) |
| 12:09 | Create | Villager (Male) |
| 13:02 | Build | House |
| 13:04 | Create | Villager (Male) |
| 13:05 | Create | Villager (Male) |
| 13:21 | Create | Villager (Male) |
| 13:36 | Build | Lumber Camp |
| 13:56 | Create | Villager (Male) |
| 14:14 | Create | Villager (Male) |
| 14:49 | Build | House |
| 15:23 | Create | Villager (Male) |
| 15:30 | Research | Feudal Age |
| 16:01 | Build | House |
| 16:30 | Create | Villager (Male) |
| 17:04 | Build | House |
| 17:13 | Build | Barracks |
| 17:40 | Age | Feudal Age |
| 17:48 | Build | Watch Tower |
| 18:19 | Build | Watch Tower |
| 18:31 | Create | Villager (Male) |
| 19:37 | Create | Villager (Male) |
| 20:17 | Create | Villager (Male) |
| 20:17 | Create | Villager (Male) |
| 20:20 | Create | Villager (Male) |
| 20:41 | Build | Market |
| 20:43 | Create | Villager (Male) |
| 21:40 | Build | Blacksmith |
| 21:44 | Create | Villager (Male) |
| 21:49 | Build | Mining Camp |
| 22:35 | Research | Fletching |
| 23:05 | Create | Villager (Male) |
| 23:49 | Create | Villager (Male) |
| 24:49 | Build | Watch Tower |
| 24:51 | Create | Villager (Male) |
| 25:05 | Build | Watch Tower |
| 25:14 | Build | Farm |
| 25:16 | Build | Farm |
| 25:20 | Build | Farm |
| 25:42 | Create | Villager (Male) |
| 27:09 | Create | Militia |
| 27:35 | Build | Archery Range |
| 27:36 | Create | Villager (Male) |
| 28:06 | Create | Villager (Male) |
| 28:17 | Create | Archer |
| 28:17 | Create | Archer |
| 28:17 | Create | Archer |
| 28:41 | Build | House |
| 28:43 | Build | House |
| 28:48 | Create | Villager (Male) |
| 28:59 | Create | Villager (Male) |
| 29:10 | Build | House |
| 29:29 | Create | Villager (Male) |
| 29:41 | Create | Archer |
| 29:41 | Create | Archer |
| 30:44 | Create | Villager (Male) |
| 31:37 | Build | Mill |
| 32:40 | Build | Town Center |
| 32:59 | Research | Double-Bit Axe |
| 33:00 | Research | Horse Collar |
| 33:00 | Research | Horse Collar |
| 33:39 | Build | Town Center |
| 34:23 | Build | Mill |
| 35:15 | Create | Villager (Male) |
| 35:20 | Build | House |
| 35:22 | Build | House |
| 35:24 | Build | House |
| 35:32 | Research | Wheelbarrow |
| 35:52 | Create | Villager (Male) |
| 35:57 | Build | House |
| 36:10 | Create | Villager (Male) |
| 36:18 | Create | Villager (Male) |
| 36:19 | Create | Villager (Male) |
| 36:28 | Create | Villager (Male) |
| 36:53 | Create | Villager (Male) |
| 37:19 | Create | Villager (Male) |
| 37:24 | Create | Villager (Male) |
Build order — 漸夜zZ
First 150 of 205 actions detected
| 0:50 | Build | Town Center |
| 2:09 | Build | House |
| 2:50 | Create | Villager (Male) |
| 2:50 | Create | Villager (Male) |
| 3:50 | Build | Settlement |
| 3:53 | Create | Villager (Male) |
| 3:55 | Create | Villager (Male) |
| 4:23 | Create | Villager (Male) |
| 4:55 | Create | Villager (Male) |
| 5:30 | Create | Villager (Male) |
| 6:01 | Create | Villager (Male) |
| 6:28 | Create | Villager (Male) |
| 6:38 | Build | House |
| 6:53 | Create | Villager (Male) |
| 7:27 | Create | Villager (Male) |
| 7:27 | Create | Villager (Male) |
| 8:09 | Create | Villager (Male) |
| 8:39 | Create | Villager (Male) |
| 9:05 | Create | Villager (Male) |
| 9:15 | Build | House |
| 9:34 | Create | Villager (Male) |
| 9:46 | Create | Villager (Male) |
| 10:16 | Research | Loom |
| 10:16 | Research | Loom |
| 10:23 | Build | Barracks |
| 10:36 | Research | Feudal Age |
| 10:49 | Build | House |
| 11:18 | Build | Palisade Gate |
| 11:27 | Build | Palisade Wall |
| 11:29 | Build | Palisade Wall |
| 11:32 | Build | Palisade Wall |
| 12:48 | Create | Villager (Male) |
| 12:59 | Age | Feudal Age |
| 13:02 | Research | Double-Bit Axe |
| 13:04 | Create | Spearman |
| 13:04 | Create | Spearman |
| 13:30 | Create | Villager (Male) |
| 13:31 | Create | Villager (Male) |
| 13:42 | Create | Spearman |
| 13:45 | Create | Skirmisher |
| 13:45 | Create | Skirmisher |
| 14:15 | Create | Villager (Male) |
| 14:42 | Create | Villager (Male) |
| 14:51 | Create | Skirmisher |
| 15:13 | Build | Farm |
| 15:14 | Build | Farm |
| 15:14 | Build | Farm |
| 15:14 | Build | Farm |
| 15:22 | Create | Villager (Male) |
| 15:41 | Build | House |
| 15:50 | Build | Watch Tower |
| 16:19 | Create | Villager (Male) |
| 16:25 | Build | House |
| 16:37 | Create | Skirmisher |
| 16:37 | Create | Skirmisher |
| 16:42 | Create | Spearman |
| 17:00 | Build | House |
| 17:04 | Build | Farm |
| 17:05 | Build | Farm |
| 17:05 | Build | Farm |
| 17:06 | Create | Villager (Male) |
| 17:10 | Build | Farm |
| 17:10 | Build | Farm |
| 17:10 | Build | Farm |
| 17:14 | Create | Villager (Male) |
| 17:38 | Create | Spearman |
| 17:48 | Create | Villager (Male) |
| 18:14 | Build | Palisade Wall |
| 18:23 | Build | Palisade Wall |
| 18:24 | Build | Palisade Wall |
| 18:25 | Build | Palisade Wall |
| 18:27 | Create | Villager (Male) |
| 18:41 | Create | Villager (Male) |
| 19:17 | Build | Watch Tower |
| 19:21 | Create | Villager (Male) |
| 19:25 | Create | Spearman |
| 19:25 | Create | Spearman |
| 19:49 | Build | Palisade Wall |
| 19:51 | Build | Palisade Gate |
| 19:58 | Create | Villager (Male) |
| 20:04 | Create | Spearman |
| 20:05 | Create | Spearman |
| 20:38 | Build | Farm |
| 20:39 | Create | Villager (Male) |
| 21:03 | Build | Market |
| 21:28 | Build | Farm |
| 22:05 | Build | Archery Range |
| 22:35 | Create | Spearman |
| 22:35 | Create | Spearman |
| 22:47 | Research | Castle Age |
| 22:48 | Research | Castle Age |
| 22:52 | Build | Blacksmith |
| 23:04 | Create | Spearman |
| 23:04 | Create | Spearman |
| 23:05 | Create | Spearman |
| 23:05 | Create | Spearman |
| 23:15 | Create | Villager (Male) |
| 23:43 | Research | Horse Collar |
| 23:54 | Create | Villager (Male) |
| 24:30 | Create | Spearman |
| 24:31 | Create | Spearman |
| 24:33 | Create | Spearman |
| 24:33 | Create | Spearman |
| 24:34 | Create | Spearman |
| 25:19 | Create | Spearman |
| 25:20 | Create | Spearman |
| 25:27 | Age | Castle Age |
| 25:31 | Research | Pikeman (upgrade) |
| 25:31 | Research | Pikeman (upgrade) |
| 25:55 | Research | Scale Mail Armor |
| 25:55 | Research | Scale Mail Armor |
| 25:55 | Research | Scale Mail Armor |
| 26:08 | Build | Siege Workshop |
| 26:20 | Create | Villager (Male) |
| 26:20 | Create | Villager (Male) |
| 26:35 | Create | Spearman |
| 26:35 | Create | Spearman |
| 26:52 | Create | Villager (Male) |
| 27:05 | Create | Mangonel |
| 27:11 | Create | Villager (Male) |
| 27:15 | Research | Bow Saw |
| 27:15 | Research | Bow Saw |
| 27:15 | Research | Bow Saw |
| 27:31 | Create | Villager (Male) |
| 27:51 | Create | Villager (Male) |
| 28:30 | Research | Elite Skirmisher (upgrade) |
| 28:30 | Research | Elite Skirmisher (upgrade) |
| 28:32 | Create | Villager (Male) |
| 28:58 | Build | Castle |
| 29:05 | Create | Villager (Male) |
| 29:05 | Create | Villager (Male) |
| 29:13 | Create | Spearman |
| 29:14 | Create | Skirmisher |
| 29:14 | Create | Skirmisher |
| 29:17 | Create | Skirmisher |
| 29:18 | Create | Skirmisher |
| 29:18 | Create | Skirmisher |
| 29:18 | Create | Skirmisher |
| 29:53 | Build | Castle |
| 30:10 | Create | Spearman |
| 30:10 | Create | Spearman |
| 30:10 | Create | Spearman |
| 30:11 | Create | Spearman |
| 30:15 | Create | Skirmisher |
| 30:15 | Create | Skirmisher |
| 30:15 | Create | Skirmisher |
| 30:32 | Create | Villager (Male) |
| 31:02 | Create | Villager (Male) |
| 31:02 | Create | Villager (Male) |
| 31:05 | Build | Settlement |
Match timeline
| 7:47 | OMEGAJ512 · first_building Dock |
| 8:01 | OMEGAJ512 · wall_segment Palisade Wall x1 |
| 8:03 | OMEGAJ512 · wall_segment Palisade Wall x1 |
| 10:21 | OMEGAJ512 · wall_segment Palisade Wall x1 |
| 10:21 | OMEGAJ512 · wall_segment Palisade Wall x1 |
| 10:23 | OMEGAJ512 · wall_segment Palisade Wall x1 |
| 10:23 | 漸夜zZ · first_building Barracks |
| 10:23 | OMEGAJ512 · wall_segment Palisade Wall x1 |
| 11:27 | 漸夜zZ · wall_segment Palisade Wall x1 |
| 11:29 | 漸夜zZ · wall_segment Palisade Wall x1 |
| 11:32 | 漸夜zZ · wall_segment Palisade Wall x3 |
| 12:36 | Matzeking · age_up feudal |
| 12:39 | sdk · first_building Barracks |
| 12:59 | 漸夜zZ · age_up feudal |
| 13:21 | 墨離 · age_up feudal |
| 13:22 | sdk · age_up feudal |
| 13:33 | Dark Horse · age_up feudal |
| 13:34 | OMEGAJ512 · wall_segment Palisade Wall x1 |
| 13:40 | OMEGAJ512 · wall_segment Palisade Wall x7 |
| 14:09 | OMEGAJ512 · age_up feudal |
| 14:19 | 姆狗 · age_up feudal |
| 14:30 | OMEGAJ512 · wall_segment Palisade Wall x5 |
| 15:17 | 姆狗 · first_market_sell 100 stone |
| 15:22 | Matzeking · wall_segment Palisade Wall x6 |
| 15:29 | OMEGAJ512 · first_market_sell 100 wood |
| 15:35 | 墨離 · first_building Barracks |
| 16:29 | Matzeking · first_market_buy 100 stone |
| 17:03 | Dark Horse · age_up castle |
| 17:05 | Dark Horse · first_building Castle |
| 17:10 | Matzeking · age_up castle |
| 17:12 | 墨離 · wall_segment Palisade Wall x1 |
| 17:13 | Spartacus · first_building Barracks |
| 17:14 | 墨離 · wall_segment Palisade Wall x1 |
| 17:15 | 墨離 · wall_segment Palisade Wall x1 |
| 17:19 | Matzeking · first_building Castle |
| 17:24 | 墨離 · wall_segment Palisade Wall x1 |
| 17:40 | Spartacus · age_up feudal |
| 17:47 | Matzeking · first_building Siege Workshop |
| 17:57 | sdk · age_up castle |
| 17:58 | 姆狗 · age_up castle |
| 18:08 | 姆狗 · first_building Castle |
| 18:14 | 漸夜zZ · wall_segment Palisade Wall x1 |
| 18:15 | OMEGAJ512 · age_up castle |
| 18:23 | 漸夜zZ · wall_segment Palisade Wall x1 |
| 18:24 | 漸夜zZ · wall_segment Palisade Wall x1 |
| 18:25 | 漸夜zZ · wall_segment Palisade Wall x1 |
| 18:28 | 姆狗 · wall_segment Palisade Wall x1 |
| 18:28 | OMEGAJ512 · first_building Castle |
| 18:35 | sdk · first_building Siege Workshop |
| 18:40 | Dark Horse · first_building Siege Workshop |
| 18:59 | 姆狗 · first_building Siege Workshop |
| 19:21 | Dark Horse · first_market_buy 100 food |
| 19:49 | 漸夜zZ · wall_segment Palisade Wall x10 |
| 19:59 | 墨離 · first_market_buy 100 food |
| 20:16 | sdk · first_market_buy 100 wood |
| 21:38 | sdk · wall_segment Stone Wall x12 |
| 21:57 | 漸夜zZ · first_market_buy 100 food |
| 22:05 | 漸夜zZ · first_building Archery Range |
| 22:29 | Spartacus · first_market_buy 100 food |
| 22:34 | Spartacus · first_market_sell 100 wood |
| 25:27 | 漸夜zZ · age_up castle |
| 25:30 | 墨離 · first_market_sell 100 wood |
| 25:57 | OMEGAJ512 · first_building Monastery |
| 26:08 | 漸夜zZ · first_building Siege Workshop |
| 27:04 | 墨離 · wall_segment Palisade Wall x1 |
| 27:06 | 墨離 · wall_segment Palisade Wall x1 |
| 27:06 | 墨離 · wall_segment Palisade Wall x1 |
| 27:09 | 墨離 · wall_segment Palisade Wall x1 |
| 27:35 | Spartacus · first_building Archery Range |
| 27:42 | 墨離 · first_building Stable |
| 27:48 | 姆狗 · first_building Monastery |
| 27:48 | 墨離 · wall_segment Stone Wall x1 |
| 27:55 | 墨離 · wall_segment Palisade Wall x1 |
| 28:16 | 墨離 · age_up castle |
| 28:18 | 墨離 · first_building Siege Workshop |
| 28:35 | sdk · first_building Monastery |
| 28:41 | 墨離 · wall_segment Palisade Wall x1 |
| 28:58 | 漸夜zZ · first_building Castle |
| 31:07 | Matzeking · first_building Barracks |
| 31:17 | Dark Horse · first_market_sell 100 wood |
| 32:03 | OMEGAJ512 · first_building Barracks |
| 32:26 | Matzeking · first_building Stable |
| 32:28 | Matzeking · first_building Archery Range |
| 32:31 | Dark Horse · first_building Monastery |
| 33:27 | OMEGAJ512 · first_market_buy 100 wood |
| 33:30 | OMEGAJ512 · age_up imperial |
| 33:32 | 姆狗 · first_building Barracks |
| 34:41 | 姆狗 · wall_segment Stone Wall x12 |
| 34:53 | Dark Horse · age_up imperial |
| 35:12 | Dark Horse · resign |
| 35:22 | 姆狗 · wall_segment Stone Wall x3 |
| 35:46 | 姆狗 · first_building Stable |
| 36:31 | 姆狗 · wall_segment Stone Wall x8 |
| 37:22 | OMEGAJ512 · first_building Stable |
[ AI ANALYSIS · 1 CREDIT ]
What really happened in this match?
Wolo.gg analyzes every decision: build order, eco, micro, common mistakes by bracket. Personalized analysis on WhatsApp or Discord in 30 seconds.
Civ guide
Persians
Perfil
Jugador #23538797